 Dungeon Crawl Stone Soup version 0.30-a0-800-g7c544603b3 (webtiles) character file.

Game seed: 3040364584624099314

1421 Pimp the Covered (level 8, -8/73 HPs)
             Began as a Minotaur Fighter on Feb 21, 2023.
             Mangled by Duvessa
             ... wielding a +0 rapier
              (9 damage)
             ... on level 6 of the Dungeon.
             The game lasted 00:09:10 (4638 turns).

Pimp the Covered (Minotaur Fighter)                 Turns: 4638, Time: 00:09:11

Health: -8/73      AC: 20    Str: 22    XL:     8   Next: 44%
Magic:  7/7        EV:  6    Int:  5    God:
Gold:   272        SH:  5    Dex: 11    Spells: 7/7 levels left

rFire   . . .      SeeInvis .    a - +1 war axe
rCold   . . .      Faith    .    c - +0 buckler
rNeg    . . .      Spirit   .    v - +2 plate armour
rPois   .          Reflect  .    (helmet restricted)
rElec   .          Harm     .    g - +1 cloak
rCorr   .          Rampage  .    r - +2 pair of gloves
Will    .....                    (no boots) Stlth
                                 (no amulet)
HPRegen 0.32/turn                (no ring)
MPRegen 0.10/turn                (no ring)

@: about to teleport
A: horns 2, retaliatory headbutt
a: no special abilities


You were on level 6 of the Dungeon.
You visited 1 branch of the dungeon, and saw 6 of its levels.
You also visited: Sewer.

You collected 272 gold pieces.

Inventory:

Hand Weapons
 a - a +1 war axe (weapon)
Armour
 b - a +1 scale mail
 c - a +0 buckler (worn)
 g - a +1 cloak (worn)
 r - a +2 pair of gloves (worn)
 v - a +2 plate armour (worn)
Jewellery
 A - an amulet of faith
 C - a ring of positive energy
Wands
 n - a wand of flame (45)
 q - a wand of iceblast (4)
 y - a wand of charming (8)
Scrolls
 k - a scroll of teleportation
 z - 4 scrolls of blinking {unknown}
 B - a scroll of fog {unknown}
Potions
 d - a potion of might
 e - a potion of magic {unknown}
 f - a potion of flight {unknown}
 h - a potion of heal wounds
 i - a potion of degeneration {unknown}
 j - 3 potions of resistance {unknown}
 l - 2 potions of haste {unknown}
 m - 2 potions of cancellation {unknown}
 o - a potion of invisibility
 p - a potion of berserk rage {unknown}
 s - a potion of attraction {unknown}
 t - a potion of ambrosia {unknown}
 u - a potion of lignification {unknown}
 w - a potion of curing
 x - a potion of mutation {unknown}


   Skills:
 + Level 7.1 Fighting
 + Level 6.6 Axes
 + Level 7.2 Armour
 + Level 1.1 Dodging
 + Level 7.1 Shields


You had 7 spell levels left.
You didn't know any spells.
Your spell library was empty.

Dungeon Overview and Level Annotations

Branches:
Dungeon (6/15)              Sewer (visited)
 Temple: D:4-7

Altars:
Uskayaw

Shops:
D:3 (

Annotations:
D:6 Duvessa, Eustachio


Innate Abilities, Weirdness & Mutations

You have a pair of horns on your head.
You reflexively headbutt those who attack you in melee.


Message History

You hit Eustachio.
Eustachio is moderately wounded.
You hit Duvessa.
You hit the crimson imp but do no damage.
Duvessa hits you with a +0 rapier! The crimson imp closely misses you.
Eustachio hits you but does no damage. Duvessa hits you but does no damage.
You hit Eustachio but do no damage.
You headbutt Eustachio, but do no damage.
Eustachio is moderately wounded.
You slash the crimson imp! You hit Duvessa but do no damage.
Duvessa hits you with a +0 rapier.
The crimson imp hits you but does no damage.
Eustachio hits you but does no damage. Duvessa hits you with a +0 rapier!
* * * LOW HITPOINT WARNING * * *
You hit Eustachio but do no damage. Your headbutt misses Eustachio.
Eustachio is moderately wounded.
You hit the crimson imp. You hit Duvessa but do no damage.
Duvessa hits you with a +0 rapier.
* * * LOW HITPOINT WARNING * * *
You block the crimson imp's attack. You block Eustachio's attack.
The crimson imp hits you but does no damage.
Duvessa hits you with a +0 rapier!
* * * LOW HITPOINT WARNING * * *
As you read the scroll of teleportation, it crumbles to dust.
You feel strangely unstable.
Eustachio gestures wildly while chanting.
Eustachio blinks!
Duvessa hits you with a +0 rapier!
* * * LOW HITPOINT WARNING * * *
The crimson imp shouts, "Leave, thou fawning fool-headed gnoll-tail!"
The crimson imp barely misses you. You furiously retaliate!
You headbutt the crimson imp! You slash the river rat!
The river rat is almost dead.
You slash the crimson imp!
You kill the crimson imp!
The crimson imp disappears in a puff of smoke!
You barely miss Duvessa. Duvessa hits you but does no damage.
The river rat bites you but does no damage.
Duvessa hits you with a +0 rapier!
You die...

.. ... . ... #.. .# .F.. #..
..# ##..##.###.... ###
.....#......####..
........?.###...###. ###..
###....###.........###....
....###@..###..ยง###...###...
..##.......@.###@r5.<@...#
..#.###...###..e###...###...
#.....###.....r...###.....
#......#.###...###...###..
#.....#.....###.. .!..(.#
#......#...... ###...###.
##.....#.....# ###..
#.###.#......# ... .. .#
#.....# ..#


You could see Eustachio, Duvessa (berserk, fast), a quasit (summoned) and 2
river rats.

Vanquished Creatures
  Grinder (D:5)
  An ice beast (D:4)
  3 black bears
  2 kobold brigands (Sewer)
  Blork the orc (D:5)
  A necrophage (D:5)
  Dowan (D:6)
  A howler monkey (D:4)
  A jelly (D:6)
  2 orc priests
  Crazy Yiuf (D:5)
  2 iguanas (D:5)
  An orc wizard (D:3)
  Robin (D:4)
  3 gnolls (D:3)
  13 adders
  3 river rats (Sewer)
  2 ufetubi
  2 worms (D:3)
  8 orcs
  13 ball pythons
  8 endoplasms
  A giant cockroach (D:3)
  11 goblins
  10 hobgoblins
  4 jackals
  2 quokkas
  5 bats
  3 frilled lizards
  15 kobolds
  18 rats
140 creatures vanquished.

Vanquished Creatures (others)
  9 plants (D:5)
9 creatures vanquished.

Grand Total: 149 creatures vanquished

Notes
Turn   | Place    | Note
-------+----------+-------------------------------------------
     0 | D:1      | Pimp the Minotaur Fighter began the quest for the Orb.
     0 | D:1      | Reached XP level 1. HP: 19/19 MP: 0/0
   481 | D:1      | Reached XP level 2. HP: 23/27 MP: 1/1
  1180 | D:2      | Reached XP level 3. HP: 33/33 MP: 2/2
  1557 | D:3      | Found a glowing drain.
  1635 | Sewer    | Entered a sewer
  1659 | Sewer    | Reached XP level 4. HP: 39/41 MP: 3/3
  1676 | Sewer    | Noticed a kobold brigand
  1682 | Sewer    | Killed a kobold brigand
  1683 | Sewer    | Reached XP level 5. HP: 31/47 MP: 4/4
  2057 | Sewer    | Reached skill level 5 in Fighting
  2057 | Sewer    | Reached skill level 5 in Armour
  2057 | Sewer    | Reached skill level 5 in Shields
  2057 | Sewer    | Reached XP level 6. HP: 48/56 MP: 5/5
  2427 | D:3      | Found Wuibbunet's Weapon Shop.
  2467 | D:3      | HP: 2/56 [gnoll/+0 halberd (10)]
  2613 | D:3      | Found a faded altar of an unknown god.
  3297 | D:4      | Reached skill level 5 in Axes
  3338 | D:4      | Reached XP level 7. HP: 62/62 MP: 6/6
  3348 | D:4      | Noticed Robin
  3358 | D:4      | Killed Robin
  3723 | D:4      | You fall into a shaft and drop 2 floors!
  3727 | D:6      | Noticed Duvessa
  3727 | D:6      | Noticed Dowan
  3734 | D:6      | Noticed Eustachio
  3745 | D:5      | Entered Level 5 of the Dungeon
  4012 | D:5      | Reached XP level 8. HP: 59/71 MP: 7/7
  4148 | D:5      | Noticed a +0 short sword
  4152 | D:5      | Noticed Grinder
  4167 | D:5      | Killed Grinder
  4170 | D:5      | Noticed a +0 spear
  4170 | D:5      | Noticed a +0 dagger
  4170 | D:5      | Noticed a +0 falchion
  4171 | D:5      | Noticed a +0 falchion
  4171 | D:5      | Noticed a +0 short sword
  4171 | D:5      | Noticed a +0 dagger
  4171 | D:5      | Noticed a +0 spear
  4182 | D:5      | Found a hide-covered altar of Uskayaw.
  4250 | D:5      | Found a runed translucent door.
  4251 | D:5      | Noticed Crazy Yiuf
  4259 | D:5      | Killed Crazy Yiuf
  4316 | D:5      | Noticed Blork the orc
  4327 | D:5      | Killed Blork the orc
  4623 | D:6      | Killed Dowan
  4624 | D:6      | Reached skill level 1 in Dodging
  4637 | D:6      | HP: 1/73 [Duvessa/+0 rapier (8)]
  4638 | D:6      | Mangled by Duvessa

Illustrated notes

Levels and vault maps discovered:
D:1:      amcnicky_arrival_single_pillar, layout_loops_ring,
          serial_co_window_serial, co_window_paths_b, co_window_paths_b,
          co_window_of_opportunity_a, co_window_of_opportunity_a,
          co_window_of_opportunity_a, co_window_corner_a, co_window_paths_a,
          co_window_of_opportunity_a, co_window_paths_a,
          co_window_unsneaky_path_c, co_window_corner_b,
          co_window_unsneaky_path_a, co_window_corner_b,
          co_window_unsneaky_path_a, co_window_of_opportunity_c,
          co_window_broadway_b, co_window_paths_d, minmay_misc_feat_diagonals
D:2:      layout_rooms
D:3:      layout_rooms, hellmonk_ecumenical_altar_slurped_away, serial_shops,
          nicolae_shop_advertising_works [nicolae_subvault_shop_adworks],
          cheibrodos_sewer_entry_bend
D:4:      layout_rooms, uniq_robin
D:5:      layout_cave_pools, nicolae_uskayaw_en_pointe, serial_bayou,
          serial_bayou_ford_a, serial_bayou_pond_d, serial_bayou_lagoon_a,
          serial_bayou_pond_c, serial_bayou_shore_b, serial_bayou_shore_b,
          dreamdust_princess_bridge, uniq_grinder, uniq_crazy_yiuf_cottage,
          uniq_blork_the_orc
D:6:      nicolae_BIG_FREAKIN_CUBE, layout_cave_pools, tgw_trog,
          dilly_guarded_unrand_morg, uniq_eustachio, uniq_menkaure, uniq_duvessa

Skill      XL: |  1  2  3  4  5  6  7  8 |
---------------+-------------------------+-----
Fighting       | 4 5 6 7 |  7.1
Armour         | 4 5 6 7 |  7.2
Shields        | 4 5 6 7 |  7.1
Axes           | 3 4 5 6 |  6.6
Dodging        | 1 |  1.1

Action                     |  1- 3 |  4- 6 |  7- 9 || total
---------------------------+-------+-------+-------++-------
  Melee: War axe           |    77 |   123 |    98 ||   298
         Headbutt          |     9 |    17 |    16 ||    42
    Use: Scroll            |     6 |     5 |     1 ||    12
         Potion            |     2 |     1 |       ||     3
 Armour: Scale mail        |    35 |    88 |       ||   123
         Plate armour      |       |     5 |    99 ||   104
  Dodge: Dodged            |    31 |    71 |    30 ||   132
  Block: Buckler           |    23 |    28 |    31 ||    82

Table legend: (Time is in decaauts)
 A = Elapsed time spent in this place.
 B = Non-inter-level travel time spent in this place.
 C = Inter-level travel time spent in this place.
 D = Time resting spent in this place.
 E = Time spent auto-exploring this place.
 F = Levels seen in this place.
 G = Mean time per level.
                   A        B        C        D        E       F      G
               +--------+--------+--------+--------+--------+-----+--------+
         Total |   4763 |   4620 |    143 |    563 |   3009 |   7 |  680.4 |
       Dungeon |   4011 |   3868 |    143 |    403 |   2601 |   6 |  668.5 |
         Sewer |    752 |    752 |      0 |    160 |    407 |   1 |  752.0 |
               +--------+--------+--------+--------+--------+-----+--------+

Top non-repeatable levels by time:
     D:1: 1094 daAuts
     D:3: 937 daAuts
     D:5: 900 daAuts
   Sewer: 752 daAuts
     D:2: 585 daAuts
     D:4: 443 daAuts
     D:6: 48 daAuts
